 Dungeon Crawl Stone Soup version 0.25-a0-781-gc44aebf4fe (webtiles) character file.

Game seed: 14392374015089039504, levelgen mode: deterministic

5917 15rune the Tainter (level 10, -2/56 HPs)
             Began as an Octopode Venom Mage on Apr 15, 2020.
             Was a Priest of Nemelex Xobeh.
             Slain by a warg (13 damage)
             ... on level 1 of the Orcish Mines.
             The game lasted 00:37:27 (15622 turns).

15rune the Tainter (Octopode Venom Mage)           Turns: 15622, Time: 00:37:28

Health: -2/56      AC:  1    Str:  9    XL:     10   Next: 83%
Magic:  0/26       EV: 13    Int: 23    God:    Nemelex Xobeh [***...]
Gold:   453        SH:  0    Dex: 12    Spells: 3/19 levels left

rFire    . . .     SeeInvis +     - Unarmed
rCold    . . .     Gourm    .   (no shield)
rNeg     . . .     Faith    .   (helmet restricted)
rPois    .         Spirit   +   v - amulet of guardian spirit
rElec    .         Reflect  .   e - ring of see invisible
rCorr    .         Harm     .   u - ring of magical power
MR       .....                  m - +3 ring of intelligence
Stlth    +++.......             c - ring of flight
HPRegen  0.18/turn              (no ring)
MPRegen  0.20/turn              (no ring)
                                (no ring)
                                (no ring)

@: mighty
A: almost no armour, stealthy swim, amphibious, 8 rings, constrict 8, camouflage
1, gelatinous body 1
a: Draw Escape, Draw Destruction, Draw Summoning, Triple Draw, Renounce
Religion, Evoke Flight


You were on level 1 of the Orcish Mines.
You worshipped Nemelex Xobeh.
Nemelex Xobeh was most pleased with you.
You were very hungry.

You visited 4 branches of the dungeon, and saw 12 of its levels.

You collected 453 gold pieces.

Inventory:

Hand Weapons
 h - a +0 hunting sling
Jewellery
 c - a ring of flight (on tentacle)
 e - a ring of see invisible (left tentacle)
 m - a +3 ring of intelligence (on tentacle)
 u - a ring of magical power (right tentacle)
 v - an amulet of guardian spirit (around mantle)
Wands
 k - a wand of polymorph (5)
 y - a wand of scattershot (1)
Scrolls
 a - a scroll of fear
 d - 5 scrolls of remove curse
 f - 2 scrolls of magic mapping
 g - 2 scrolls of teleportation
 j - a scroll of identify
 q - 2 scrolls of enchant weapon
 r - a scroll of fog {unknown}
 s - a scroll of blinking {unknown}
 w - a scroll of immolation
 A - 2 scrolls of amnesia {unknown}
Potions
 i - 2 potions of flight {unknown}
 l - 3 potions of stabbing
 p - a potion of curing {unknown}
 t - a potion of might
 x - a potion of haste {unknown}
 z - a potion of heal wounds
Comestibles
 b - 15 rations


   Skills:
 - Level 2.0 Dodging
 - Level 4.0 Stealth
 + Level 6.1 Unarmed Combat
 - Level 5.0 Spellcasting
 - Level 4.1 Conjurations
 + Level 3.0 Transmutations
 - Level 4.0 Fire Magic
 - Level 4.0 Air Magic
 + Level 13.1 Poison Magic


You had 3 spell levels left.
You knew the following spells:

 Your Spells              Type           Power        Failure   Level  Hunger
a - Sting                 Tmut/Pois      ####         1%          1    None
b - Poisonous Vapours     Pois/Air       #####.       1%          2    None
c - Ignite Poison         Fire/Tmut/Pois #####...     1%          3    ##.....
d - Mephitic Cloud        Conj/Pois/Air  #####...     1%          3    ##.....
e - Olgreb's Toxic Radia  Pois           ######..     1%          4    ####...
f - Spider Form           Tmut/Pois      #####.....   1%          3    ##.....

Your spell library contained the following spells:

 Spells                   Type           Power        Failure   Level  Hunger
 Beastly Appendage        Tmut           ###...       2%          1    None
 Sticks to Snakes         Tmut           ###.....     4%          2    None
 Ice Form                 Ice/Tmut       ##......     45%         4    ####...
 Blade Hands              Tmut           ###.......   58%         5    #####..


Dungeon Overview and Level Annotations

Branches:
Dungeon (9/15)             Temple (1/1) D:4            Lair (1/6) D:9
    Orc (1/2) D:9

Altars:
Ashenzari
Cheibriados
Dithmenos
Elyvilon
Fedhas
Gozag
Hepliaklqana
Kikubaaqudgha
Makhleb
Nemelex Xobeh
Okawaru
Qazlal
Ru
Sif Muna
Trog
Uskayaw
Vehumet
Wu Jian
Xom
Yredelemnul
Zin
The Shining One


Innate Abilities, Weirdness & Mutations

You cannot wear most types of armour.
You are very stealthy in the water. (Stealth+)
You are amphibious.
You can wear up to eight rings at the same time.
You can use your tentacles to constrict eight enemies at once.
Your skin changes colour to match your surroundings (Stealth+).
Your rubbery body absorbs attacks. (AC +1, EV +1)


Message History

Casting: Olgreb's Toxic Radiance (safe; 1% risk of failure)
Confirm with . or Enter, or press ? or * to list all spells.
You begin to radiate toxic energy.
You are feeling very hungry.
Press: ? - help, v - describe, . - travel
Here: a warg The floor.
You feel very mighty all of a sudden.
Your toxic aura wanes.
The warg barely misses you.
You barely miss the warg. The warg bites you!
You closely miss the warg. The warg bites you.
You bludgeon the warg!
The warg is moderately wounded.
The warg bites you!
* * * LOW HITPOINT WARNING * * *
You bludgeon the warg!
The warg is severely wounded.
The warg bites you!!
You die...
Your body glows slightly and disappears.

## ###.# #....##
#......##
.......@#
.......h##
.........###
.........#.## .
...###......##
.$.. ###......#
#......##....^.###
...........####
......h$..#


You could see a warg.

Vanquished Creatures
  Harold (D:8)
  An unseen horror (D:7)
  2 hornets (D:8)
  2 hippogriffs (D:8)
  A soldier ant (D:8)
  Duvessa (D:3)
  3 orc warriors
  An ice beast (D:9)
  2 black bears
  3 phantoms
  4 ogres
  3 centaurs
  3 bullfrogs
  A scorpion (D:4)
  Dowan (D:3)
  5 wights (D:8)
  6 howler monkeys
  3 jellies
  A centaur zombie (D:9)
  A quasit (D:7)
  3 crimson imps
  A gnoll shaman (D:4)
  2 bullfrog skeletons
  2 centaur skeletons (D:7)
  A hound (D:2)
  7 orc priests
  12 orc wizards
  2 iguanas (D:4)
  6 worker ants
  A hound skeleton (D:7)
  Robin (D:3)
  8 gnolls
  6 adders
  2 shadow imps (D:5)
  An adder zombie (D:7)
  An adder skeleton (D:3)
  2 worms
  4 dart slugs
  A leopard gecko (D:1)
  30 orcs
  6 bats
  6 giant cockroaches
  17 goblins
  8 hobgoblins
  7 jackals
  3 kobolds
  11 quokkas
  2 ball pythons
  7 frilled lizards
  A leopard gecko skeleton (D:5)
  2 leopard gecko zombies
  A quokka skeleton (D:4)
  6 rats
215 creatures vanquished.

Vanquished Creatures (collateral kills)
  The ghost of Anathary the Slasher, an amateur DsFi (D:4)
  An ice beast (D:5)
  2 orc wizards (D:5)
  An adder skeleton (D:5)
  An orc (D:5)
  A frilled lizard (D:5)
7 creatures vanquished.

Grand Total: 222 creatures vanquished

Notes
Turn   | Place    | Note
-------+----------+-------------------------------------------
     0 | D:1      | 15rune the Octopode Venom Mage began the quest for the Orb.
     0 | D:1      | Reached XP level 1. HP: 11/11 MP: 3/3
   258 | D:1      | Reached XP level 2. HP: 11/17 MP: 0/5
   403 | D:1      | Learned a level 2 spell: Poisonous Vapours
   460 | D:1      | Reached skill level 4 in Poison Magic
  1161 | D:2      | Reached XP level 3. HP: 21/21 MP: 3/6
  1322 | D:2      | Learned a level 3 spell: Ignite Poison
  1877 | D:2      | Reached skill level 1 in Unarmed Combat
  2460 | D:2      | HP: 1/21 [hound (5)]
  2462 | D:2      | Reached skill level 1 in Air Magic
  2462 | D:2      | Reached XP level 4. HP: 2/27 MP: 0/7
  2889 | D:3      | Noticed Robin
  2896 | D:3      | Killed Robin
  2962 | D:3      | Found a bloodstained altar of Trog.
  3199 | D:3      | Found a sparkling altar of Nemelex Xobeh.
  3211 | D:3      | Became a worshipper of Nemelex Xobeh the Trickster
  3307 | D:3      | Reached XP level 5. HP: 30/31 MP: 8/8
  3776 | D:3      | Received a gift from Nemelex Xobeh
  4095 | D:4      | Found a staircase to the Ecumenical Temple.
  4114 | Temple   | Entered the Ecumenical Temple
  4245 | D:4      | Reached skill level 5 in Poison Magic
  4563 | D:4      | Noticed Duvessa
  4563 | D:4      | Noticed Dowan
  4584 | D:3      | Killed Dowan
  4584 | D:3      | Reached XP level 6. HP: 14/36 MP: 5/10
  4586 | D:3      | Killed Duvessa
  4991 | D:4      | Learned a level 3 spell: Mephitic Cloud
  5075 | D:4      | Reached skill level 6 in Poison Magic
  5075 | D:4      | Reached XP level 7. HP: 4/41 MP: 0/11
  5358 | D:4      | Found a runed translucent door.
  5359 | D:4      | Noticed Crazy Yiuf
  5935 | D:4      | Found a runed translucent door.
  5942 | D:4      | Noticed Anathary's ghost (amateur DsFi)
  5952 | D:4      | HP: 2/41 [Anathary's ghost (7)]
  5957 | D:4      | Killed Anathary's ghost
  5957 | D:4      | Reached skill level 7 in Poison Magic
  6765 | D:4      | Reached * piety under Nemelex Xobeh
  6842 | D:4      | Noticed Crazy Yiuf
  6842 | D:4      | Crazy Yiuf changed into Crazy Yiuf the scorpion
  6847 | D:4      | Killed Crazy Yiuf the scorpion
  6847 | D:4      | Reached XP level 8. HP: 40/46 MP: 13/13
  6937 | D:5      | Entered Level 5 of the Dungeon
  7115 | D:5      | Found a bloodstained altar of Trog.
  7200 | D:5      | Reached skill level 8 in Poison Magic
  7859 | D:5      | Found a shadowy altar of Dithmenos.
  8268 | D:5      | Learned a level 4 spell: Olgreb's Toxic Radiance
  8627 | D:6      | Reached skill level 1 in Fire Magic
  9102 | D:6      | Reached skill level 9 in Poison Magic
  9394 | D:7      | Reached XP level 9. HP: 41/51 MP: 16/16
  9465 | D:7      | Reached skill level 5 in Spellcasting
  9618 | D:7      | Reached ** piety under Nemelex Xobeh
  9645 | D:7      | Noticed an unseen horror
  9653 | D:7      | HP: 1/51 [unseen horror (6)]
 10198 | D:7      | Reached skill level 5 in Unarmed Combat
 10237 | D:7      | Found an ancient bone altar of Kikubaaqudgha.
 10508 | D:7      | Reached skill level 10 in Poison Magic
 10693 | D:7      | Reached skill level 1 in Conjurations
 11272 | D:7      | Received a gift from Nemelex Xobeh
 11663 | D:7      | Killed an unseen horror
 12038 | D:8      | Noticed a hornet
 12040 | D:8      | Noticed a hornet
 12043 | D:8      | Killed a hornet
 12045 | D:8      | Reached XP level 10. HP: 21/56 MP: 1/17
 12067 | D:8      | HP: 2/56 [poisoned by a hornet]
 12075 | D:8      | HP: 2/56 [poisoned by a hornet]
 12441 | D:8      | Reached skill level 11 in Poison Magic
 13665 | D:8      | Reached skill level 12 in Poison Magic
 13985 | D:9      | Found a staircase to the Lair.
 14261 | Lair:1   | Entered Level 1 of the Lair of Beasts
 14759 | D:8      | Noticed Harold
 14767 | D:8      | Killed Harold
 14889 | D:9      | Reached skill level 13 in Poison Magic
 15176 | D:9      | Received a gift from Nemelex Xobeh
 15259 | D:9      | Learned a level 3 spell: Spider Form
 15316 | D:9      | Found a staircase to the Orcish Mines.
 15358 | D:9      | Reached *** piety under Nemelex Xobeh
 15443 | D:9      | Found a shattered altar of Ashenzari.
 15579 | Orc:1    | Entered Level 1 of the Orcish Mines
 15579 | Orc:1    | Noticed an orc sorcerer
 15622 | Orc:1    | Slain by a warg

Levels and vault maps discovered:
D:1:      sevenhm_arrival_forest_fort_large_4, layout_loops_cross
D:2:      layout_loops_corners
D:3:      layout_basic, lemuel_round_altar, nemelex_xobeh_ov_fountains_minmay,
          uniq_robin
D:4:      layout_loops_ring, minmay_temple_entry_antechambers,
          ebering_ghost_reflecting_pool, uniq_duvessa, uniq_crazy_yiuf_cottage
D:5:      layout_loops_cross, nicolae_dithmenos_shadow_blocks, first_ration,
          minmay_misc_feat_room, grunt_ministairs_11,
          chequers_serial_rivers_small_3, st_stairs_14,
          trog_three_pillars_becter
D:6:      layout_rooms
D:7:      layout_loops_corners, basic_altar
D:8:      layout_basic, hangedman_pestilent_swarm, uniq_harold
D:9:      layout_cave_pools, lemuel_doored_altar, lair_entry_dummy, orc_0_dummy,
          serial_bayou_pond_a
Temple:   regret_index_temple_mists
Lair:1:   layout_cave_pods, grunt_megastairs_3, infiniplex_staircase_pool_2
Orc:1:    layout_diamond_mine, uniq_erica

Skill      XL: |  1  2  3  4  5  6  7  8  9 10 |
---------------+-------------------------------+-----
Stealth        | 3 4 |  4.0
Poison Magic   | 4 5 6 7 9 10 13 | 13.1
Unarmed Combat | 1 2 3 4 5 6 |  6.1
Air Magic      | 1 2 4 |  4.0
Transmutations | 2 3 |  3.0
Spellcasting   | 3 4 5 |  5.0
Fire Magic     | 1 4 |  4.0
Conjurations   | 4 |  4.1
Dodging        | |  2.0

Action                   |  1- 3 |  4- 6 |  7- 9 | 10-12 || total
-------------------------+-------+-------+-------+-------++-------
Melee: Unarmed           |   112 |   125 |   306 |   212 ||   755
       Constrict         |    26 |    27 |    54 |    18 ||   125
       Tentacles         |    17 |    16 |    50 |    34 ||   117
       Punch             |       |       |    12 |     5 ||    17
Throw: Throwing net      |       |       |       |     1 ||     1
 Cast: Sting             |    13 |     1 |     2 |    15 ||    31
       Poisonous Vapours |    16 |    22 |    28 |     1 ||    67
       Ignite Poison     |     1 |       |     8 |    15 ||    24
       Mephitic Cloud    |       |     2 |    14 |     6 ||    22
       Olgreb's Toxic Ra |       |       |     5 |    13 ||    18
Invok: Draw Destruction  |       |       |     3 |     2 ||     5
       Draw Summoning    |       |       |     2 |       ||     2
Evoke: Wand              |       |       |     1 |       ||     1
  Use: Scroll            |       |     2 |    10 |       ||    12
       Potion            |       |     2 |     3 |     2 ||     7
 Stab: Sleeping          |     4 |     6 |    16 |     2 ||    28
       Distracted        |       |     1 |     2 |       ||     3
       Confused          |       |     1 |     6 |       ||     7
  Eat: Chunk             |     6 |    10 |    16 |     8 ||    40
       Ration            |       |       |     2 |     2 ||     4
Armor: Skin              |    11 |    19 |    11 |     8 ||    49
Dodge: Dodged            |    73 |    69 |   198 |   102 ||   442

Table legend:
 A = Non-vault XP
 B = Vault XP
 C = Vault XP percentage of total XP
 D = Non-vault monster count
 E = Vault monster count
 F = Vault count percentage of total count
                 A         B        C        D         E       F
            +---------+---------+-------+---------+---------+-------
      Total |    6238 |    2215 |  26.2 |     200 |      22 |   9.9
            +---------+---------+-------+---------+---------+-------
        D:1 |      27 |       0 |   0.0 |      14 |       0 |   0.0
        D:2 |      93 |       2 |   2.1 |      30 |       1 |   3.2
        D:3 |      77 |     247 |  76.2 |      17 |      12 |  41.4
        D:4 |     525 |     239 |  31.3 |      26 |       2 |   7.1
        D:5 |     498 |      15 |   2.9 |      23 |       2 |   8.0
        D:6 |     611 |       0 |   0.0 |      11 |       0 |   0.0
        D:7 |    1936 |       0 |   0.0 |      32 |       0 |   0.0
        D:8 |    1520 |    1712 |  53.0 |      27 |       5 |  15.6
        D:9 |     951 |       0 |   0.0 |      20 |       0 |   0.0
            +---------+---------+-------+---------+---------+-------
